 Dungeon Crawl Stone Soup version 0.31-a0-237-g2d982f9f85 (webtiles) character file.

Game seed: 8311155476617849903

102 qw the Shooter (level 4, -1/26 HPs)
             Began as a Gargoyle Hexslinger on July 11, 2023.
             Killed from afar by Natasha (2 damage)
             ... with a magic dart
             ... on level 3 of the Dungeon.
             The game lasted 00:00:52 (2215 turns).

qw the Shooter (Gargoyle Hexslinger)                Turns: 2215, Time: 00:00:52

Health: -1/26      AC:  8    Str: 11    XL:     4   Next: 78%
Magic:  5/5        EV: 10    Int: 14    God:
Gold:   173        SH:  0    Dex: 14    Spells: 4/5 levels left

rFire   + . .        Y - +1 sling
rCold   . . .        (no shield)
rNeg    + . .        i - +0 ring mail
rPois   inf          (no helmet)
rElec   +            (no cloak)
rCorr   .            (no gloves)
SInv    .            (no boots)
Will    .....        (no amulet)
Stlth   +            j - ring of protection from fire
HPRegen 0.24/turn    (no ring)
MPRegen 0.09/turn

%: no passive effects
@: no status effects
A: sickness immunity, AC +3, negative energy resistance 1, electricity
resistance, torment resistance 1, petrification resistance
a: no special abilities


You were on level 3 of the Dungeon.
You visited 1 branch of the dungeon, and saw 3 of its levels.

You collected 173 gold pieces.


Innate Abilities, Weirdness & Mutations

You are immune to sickness and miasma.
Your stone body is resilient. (AC +3)
You are immune to poison.
You resist negative energy. (rN+)
You are resistant to electric shocks. (rElec)
You are resistant to unholy torment.
You are immune to petrification.


   Skills:
 - Level 2.0 Fighting
 - Level 4.4 Ranged Weapons
 + Level 0.8 Armour
 - Level 1.5 Dodging
 - Level 1.0 Spellcasting
 - Level 2.6 Hexes


You had 4 spell levels left.
You knew the following spells:

 Your Spells              Type           Power      Damage    Failure   Level
a - Slow                  Hex            32%        N/A       22%         1

Your spell library contained the following spells:

 Spells                   Type           Power      Damage    Failure   Level
 Inner Flame              Hex/Fire       4%         N/A       73%         3
 Portal Projectile        Hex/Tloc       8%         N/A       73%         3
 Cause Fear               Hex            4%         N/A       91%         4

Inventory:

Hand Weapons
 Y - a +1 sling (weapon)
Armour
 i - a +0 ring mail (worn)
Jewellery
 j - a ring of protection from fire (left hand)
Scrolls
 a - 2 scrolls of identify
 c - a scroll of vulnerability {unknown}
Potions
 b - a potion of enlightenment {unknown}
 g - a potion of degeneration {unknown}
 h - a potion of cancellation {unknown}

Dungeon Overview and Level Annotations

Branches:
Dungeon (3/15)

Altars:

Annotations:
D:3 Natasha


Message History

You shoot a sling bullet.
The sling bullet closely misses the orc.
Natasha, Servant of Life and Death comes into view.
You shoot a sling bullet.
The sling bullet closely misses the orc.
You shoot a sling bullet. The sling bullet hits the orc.
You kill the orc!
You shoot a sling bullet. The sling bullet barely misses Natasha.
Natasha casts a spell.
You shoot a sling bullet.
The sling bullet barely misses the cerulean imp.
The sling bullet barely misses Natasha.
The cerulean imp hits you from afar with a +0 spear.
You shoot a sling bullet.
The sling bullet closely misses Natasha.
The sling bullet misses the cerulean imp.
Natasha barely misses you.
The cerulean imp hits you from afar with a +0 spear.
You shoot a sling bullet. The sling bullet hits Natasha.
Natasha is lightly wounded.
Natasha claws you but does no damage.
The cerulean imp hits you from afar with a +0 spear.
Natasha claws you.
The cerulean imp hits you from afar with a +0 spear.
You shoot a sling bullet. The sling bullet hits Natasha.
Natasha is moderately wounded.
Natasha completely misses you.
The cerulean imp hits you but does no damage.
You shoot a sling bullet.
The sling bullet closely misses Natasha.
The sling bullet hits the cerulean imp.
The cerulean imp is moderately wounded.
Natasha claws you but does no damage.
The cerulean imp hits you from afar with a +0 spear.
You shoot a sling bullet.
The sling bullet hits Natasha but does no damage.
Natasha is moderately wounded.
Natasha casts a spell at you. The magic dart hits you.
You die...

#### ## ... .# #
#.####.###.##
#.###....@h5[.)..
#.....#.#....#.#.
#.........###....
#.....#...# ##.
#.....###.###.#
#............#
###.########## #.
#


You could see Natasha and a cerulean imp (summoned).

Vanquished Creatures
  5 adders (D:2)
  A worm (D:2)
  2 orcs (D:3)
  7 ball pythons
  5 endoplasms
  3 goblins
  6 hobgoblins
  4 jackals (D:1)
  3 quokkas
  7 bats
  2 frilled lizards
  A kobold (D:1)
  3 rats
49 creatures vanquished.

Notes
Turn   | Place    | Note
-------+----------+-------------------------------------------
     0 | D:1      | qw the Gargoyle Hexslinger began the quest for the Orb.
     0 | D:1      | Reached XP level 1. HP: 12/12 MP: 2/2
     0 | D:1      | 0 ||| qw: Version: 0.3-a-52-g30416fa
     0 | D:1      | 0 ||| qw: Game counter: 5712
     0 | D:1      | 0 ||| qw: Melee chars always use a shield: true
     0 | D:1      | 0 ||| qw: God list: Okawaru
     0 | D:1      | 0 ||| qw: Allow faded altars: false
     0 | D:1      | 0 ||| qw: Do Orc after clearing Dungeon:15 true
     0 | D:1      | 0 ||| qw: Do second Lair branch before Depths: true
     0 | D:1      | 0 ||| qw: Lair rune preference: random
     0 | D:1      | 0 ||| qw: Goals: Normal
     0 | D:1      | 0 ||| PLANNING D:1-11
   263 | D:1      | Reached XP level 2. HP: 16/16 MP: 3/3
   390 | D:1      | Reached skill level 3 in Ranged Weapons
   399 | D:1      | HP: 4/16 [rat (3)]
   659 | D:1      | Reached XP level 3. HP: 20/21 MP: 4/4
   953 | D:1      | 953 ||| READING scroll labelled DEHEIS NOTOZ.
   954 | D:1      | 954 ||| READING scroll labelled GEGUM PEWKA.
   955 | D:1      | 955 ||| READING scroll labelled KESUGE ERODEB.
   958 | D:1      | 958 ||| DROPPING scroll of poison.
  1333 | D:2      | Reached XP level 4. HP: 16/26 MP: 5/5
  1392 | D:2      | Reached skill level 4 in Ranged Weapons
  1621 | D:2      | Found a faded altar of an unknown god.
  1860 | D:2      | 1860 ||| UPGRADING to +0 ring mail.
  1870 | D:2      | 1870 ||| DROPPING +0 robe.
  1871 | D:2      | 1871 ||| UPGRADING to ring of protection from fire.
  1872 | D:2      | 1872 ||| READING scroll labelled WEMUIPNELULIA.
  1873 | D:2      | 1873 ||| READING scroll labelled AGHOUDADUI.
  1874 | D:2      | 1874 ||| DRINKING 2 fuming amethyst potions.
  1880 | D:2      | 1880 ||| READING 3 scrolls of identify.
  1880 | D:2      | 1880 ||| IDENTIFYING golden potion
  1881 | D:2      | 1881 ||| READING 2 scrolls of identify.
  1881 | D:2      | 1881 ||| IDENTIFYING fizzy ruby potion
  1882 | D:2      | 1882 ||| DROPPING potion of ambrosia.
  1883 | D:2      | 1883 ||| DROPPING potion of attraction.
  2084 | D:3      | 2084 ||| DRINKING potion of curing.
  2084 | D:3      | 2084 ||| (to cure confusion)
  2085 | D:3      | 2085 ||| FLEEEEING.
  2086 | D:3      | 2086 ||| FLEEEEING.
  2087 | D:3      | 2087 ||| FLEEEEING.
  2095 | D:3      | 2095 ||| FLEEEEING.
  2097 | D:3      | 2097 ||| FLEEEEING.
  2098 | D:3      | 2098 ||| FLEEEEING.
  2104 | D:3      | HP: 6/26 [something/puff of flame (1)]
  2105 | D:3      | 2105 ||| READING scroll of teleportation.
  2206 | D:3      | Noticed Natasha
  2212 | D:3      | HP: 5/26 [cerulean imp/+0 spear[Natasha] (4)]
  2214 | D:3      | HP: 1/26 [cerulean imp/+0 spear[Natasha] (5)]
  2215 | D:3      | Killed from afar by Natasha

Levels and vault maps discovered:
D:1:      enne_arrival_octagon_isle, layout_basic, hex_medium
D:2:      layout_loops_corners, hellmonk_ecumenical_altar_slurped_away,
          nicolae_the_louvre
D:3:      layout_loops_cross, nicolae_overflow_crystal_walls, uniq_natasha

Skill      XL: |  1  2  3  4 |
---------------+-------------+-----
Ranged Weapons | 3 4 |  4.4
Fighting       | 2 |  2.0
Armour         | |  0.8
Dodging        | |  1.5
Spellcasting   | |  1.0
Hexes          | |  2.6

Action                     |  1- 3 |  4- 6 || total
---------------------------+-------+-------++-------
   Fire: Sling             |   129 |    60 ||   189
    Use: Scroll            |     3 |     5 ||     8
         Potion            |       |     2 ||     2
 Armour: Robe              |    36 |     4 ||    40
         Ring mail         |       |    11 ||    11
  Dodge: Dodged            |    78 |    22 ||   100

Table legend:
 A = Non-vault XP
 B = Vault XP
 C = Vault XP percentage of total XP
 D = Non-vault monster count
 E = Vault monster count
 F = Vault count percentage of total count
                 A         B        C        D         E       F
            +---------+---------+-------+---------+---------+-------
      Total |     145 |       2 |   1.4 |      48 |       1 |   2.0
            +---------+---------+-------+---------+---------+-------
        D:1 |      42 |       0 |   0.0 |      25 |       0 |   0.0
        D:2 |      88 |       2 |   2.2 |      16 |       1 |   5.9
        D:3 |      15 |       0 |   0.0 |       7 |       0 |   0.0
            +---------+---------+-------+---------+---------+-------
